 Dungeon Crawl Stone Soup version 0.21.1-1-g345015f (webtiles) character file.

128 letownia2 the Conjurer (level 5, -1/28 HPs)
             Began as a Tengu Wizard on Mar 5, 2018.
             Killed from afar by a white imp (8 damage)
             ... with a puff of frost
             ... summoned by Eustachio
             ... on level 4 of the Dungeon.
             The game lasted 00:05:22 (662 turns).

letownia2 the Conjurer (Tengu Wizard)                Turns: 662, Time: 00:05:23

Health: -1/28      AC:  4    Str:  7    XL:     5   Next: 11%
Magic:  3/10       EV: 12    Int: 19    God:
Gold:   45         SH:  0    Dex: 13    Spells: 1/10 levels left

rFire    . . .     SeeInvis .   a - +2 quarterstaff (chaos)
rCold    . . .     Gourm    .   (shield currently unavailable)
rNeg     . . .     Faith    .   n - +0 robe
rPois    .         Spirit   .   b - +0 hat
rElec    .         Reflect  .   o - +1 cloak
rCorr    .         Harm     .   (no gloves)
MR       .....                  (boots unavailable)
Stlth    ++........             (no amulet)
HPRegen  0.09/turn              (no ring)
MPRegen  0.12/turn              (no ring)

@: very slightly contaminated
A: beak, talons 3, able to fly 1
a: Fly


You were on level 4 of the Dungeon.
You were not hungry.

You visited 1 branch of the dungeon, and saw 4 of its levels.

You collected 45 gold pieces.

Inventory:

Hand Weapons
 a - a +2 quarterstaff of chaos (weapon)
 f - a +0 dagger
Missiles
 j - 2 javelins (quivered)
Armour
 b - a +0 hat (worn)
 i - a +0 ring mail
 n - a +0 robe (worn)
 o - a +1 cloak (worn)
Scrolls
 e - a scroll of amnesia {unknown}
 g - a scroll of remove curse {unknown}
 h - 3 scrolls of teleportation {unknown}
 l - a scroll of blinking {unknown}
 m - a scroll of enchant armour {unknown}
Potions
 k - a potion of might {unknown}
Books
 c - a book of Minor Magic

   Spells                             Type                      Level
   a - Magic Dart                     Conjuration                  1
   b - Blink                          Translocation                2
   c - Call Imp                       Summoning                    2
   d - Slow                           Hexes                        2
   e - Conjure Flame                  Conjuration/Fire             3
   f - Mephitic Cloud                 Conjuration/Poison/Air       3
Comestibles
 d - a ration


   Skills:
 + Level 0.0 Fighting
 + Level 0.0 Armour
 + Level 2.1 Dodging
 - Level 2.0 Stealth
 - Level 3.0 Spellcasting
 - Level 6.3 Conjurations
 - Level 1.2 Summonings
   Level 0.7 Translocations
 + Level 0.0 Fire Magic
 + Level 0.0 Air Magic
 + Level 0.0 Poison Magic


You had one spell level left.
You knew the following spells:

 Your Spells              Type           Power        Failure   Level  Hunger
a - Magic Dart            Conj           ####         1%          1    None
c - Conjure Flame         Conj/Fire      ##......     12%         3    ###....
e - Mephitic Cloud        Conj/Pois/Air  ##......     19%         3    ###....
i - Call Imp              Summ           #.......     14%         2    ##.....


Dungeon Overview and Level Annotations

Branches:
Dungeon (4/15)
 Temple: D:4-7

Altars:

Annotations:
D:2 Jessica
D:3 Anonimus's ghost, amateur GnFi
D:4 Eustachio


Innate Abilities, Weirdness & Mutations

You have a beak for a mouth.
You have claws for feet.
You can fly.


Message History

Eustachio says, "My allies will avenge me."
The white imp picks up a beetle and eats it.
Casting: Mephitic Cloud
Confirm with . or Enter, or press ? or * to list all spells.
You don't have enough magic to cast that spell.
Unknown command.
You hit Eustachio but do no damage.
Eustachio's body glows momentarily.
Eustachio is almost dead.
Eustachio gestures wildly while chanting.
The white imp gestures at you. The puff of frost hits you!
Eustachio barely misses you.
Unknown command.
You miss Eustachio. You claw Eustachio, but do no damage.
Eustachio is almost dead.
The bat hits you but does no damage. The bat barely misses you.
Eustachio hits you with a rapier.
* * * LOW HITPOINT WARNING * * *
The white imp gestures at you. The puff of frost hits you!
You die...

##### >...# #.#.#
.#..##############
###..............#####.#
..
.#........####.5b.......
.. ..#.#####.#
#.#@##.... # ..#.# #.#
#5@.# #(.# ..#.# #.#
#..### #..# ..#.# #.#
##..# #. ...## ### ....#
#............#...# #..
>.###
######..####.#...## #.#
.## #..# #.#.... .# #..#
#...# .# #..######.####


You could see Eustachio, 2 white imps and a bat.

Vanquished Creatures
  An ogre (D:4)
  Crazy Yiuf (D:4)
  An adder (D:4)
  An adder zombie (D:4)
  A bat zombie (D:4)
  A giant cockroach (D:3)
  2 goblins
  2 hobgoblins
  3 bats (D:1)
  3 rats
16 creatures vanquished.

Notes
Turn   | Place    | Note
-------+----------+-------------------------------------------
     0 | D:1      | letownia2 the Tengu Wizard began the quest for the Orb.
     0 | D:1      | Reached XP level 1. HP: 10/10 MP: 5/5
    28 | D:1      | Reached skill level 2 in Conjurations
    75 | D:2      | Noticed Jessica
   169 | D:2      | Reached XP level 2. HP: 6/15 MP: 0/7
   182 | D:3      | Learned a level 2 spell: Call Imp
   206 | D:3      | Reached skill level 3 in Conjurations
   374 | D:4      | Reached XP level 3. HP: 14/19 MP: 0/8
   379 | D:4      | Learned a level 3 spell: Mephitic Cloud
   382 | D:3      | Noticed Anonimus's ghost (amateur GnFi)
   427 | D:4      | Noticed Eustachio
   494 | D:4      | Found a runed door.
   498 | D:4      | Noticed Crazy Yiuf
   503 | D:4      | Killed Crazy Yiuf
   503 | D:4      | Reached skill level 4 in Conjurations
   549 | D:4      | Noticed an ogre
   552 | D:4      | Killed an ogre
   552 | D:4      | Reached skill level 6 in Conjurations
   552 | D:4      | Reached XP level 4. HP: 11/24 MP: 5/9
   552 | D:4      | Gained mutation: You can fly. [Tengu growth]
   552 | D:4      | Reached XP level 5. HP: 13/28 MP: 5/10
   558 | D:4      | Learned a level 3 spell: Conjure Flame
   662 | D:4      | Killed from afar by a white imp

Skill      XL: |  1  2  3 |
---------------+----------+-----
Conjurations   | 2 3 6 |  6.3
Dodging        | |  2.1
Stealth        | |  2.0
Spellcasting   | |  3.0
Summonings     | |  1.2
Translocations | |  0.7

Action                   |  1- 3 |  4- 6 || total
-------------------------+-------+-------++-------
Melee: Dagger            |     6 |       ||     6
       Peck              |     2 |     2 ||     4
       Kick              |     1 |     6 ||     7
       Quarterstaff      |     2 |    11 ||    13
Throw: Javelin           |     2 |       ||     2
 Cast: Magic Dart        |    32 |       ||    32
       Mephitic Cloud    |     3 |     1 ||     4
 Stab: Confused          |     1 |     1 ||     2
Armor: Robe              |     4 |     1 ||     5
Dodge: Dodged            |     4 |     5 ||     9
